 Dungeon Crawl Stone Soup version 0.27-a0-887-gcab673c142 (webtiles) character file.

Game seed: 3010709627889344840

856 rel the Sneak (level 8, -2/73 HPs)
             Began as a Kobold Berserker on Apr 4, 2021.
             Was a Believer of Trog.
             Slain by a water moccasin zombie (3 damage)
             ... on level 6 of the Dungeon.
             The game lasted 00:06:51 (4056 turns).

rel the Sneak (Kobold Berserker)                    Turns: 4056, Time: 00:06:52

Health: -2/73      AC:  7    Str: 14 (15) XL:     8   Next: 22%
Magic:  8/8        EV: 14    Int:  9 (10) God:    Trog [**....]
Gold:   101        SH:  0    Dex: 13 (14) Spells: 7/7 levels left

rFire    + . .     SeeInvis .   m - +2 short sword (venom)
rCold    . . .     Faith    .   (shield restricted)
rNeg     . . .     Spirit   .   f - +2 ring mail {rF+}
rPois    .         Reflect  .   (no helmet)
rElec    .         Harm     .   (no cloak)
rCorr    .         Rampage  .   (no gloves)
Will     .....                  (no boots)
Stlth    ..........             (no amulet)
HPRegen  0.22/turn              (no ring)
MPRegen  0.11/turn              (no ring)

@: berserking (expiring), flying, very quick
A: small, no large weapons, nightstalker 3
a: Renounce Religion, Berserk, Trog's Hand


You were on level 6 of the Dungeon.
You worshipped Trog.
Trog was pleased with you.
You visited 1 branch of the dungeon, and saw 6 of its levels.

You collected 101 gold pieces.

Inventory:

Hand Weapons
 a - a +0 short sword
 m - a +2 short sword of venom (weapon)
Armour
 f - a +2 ring mail of fire resistance (worn)
Scrolls
 b - a scroll of fear {unknown}
 g - a scroll of identify {unknown}
 j - a scroll of acquirement {unknown}
Potions
 c - a potion of haste {unknown}
 d - a potion of curing


   Skills:
 * Level 5.2 Fighting
 + Level 6.5 Short Blades
 + Level 2.7 Armour
 * Level 4.7 Dodging
 * Level 7.2 Stealth


You had 7 spell levels left.
You didn't know any spells.
Your spell library was empty.

Dungeon Overview and Level Annotations

Branches:
Dungeon (6/15)             Temple (0/1) D:4

Altars:
Uskayaw

Annotations:
D:2 1 runed translucent door, Crazy Yiuf
D:6 Prince Ribbit


Innate Abilities, Weirdness & Mutations

You are small and have problems with some larger weapons.
You are completely attuned to the shadows.


Message History

The orc is severely wounded.
The orc completely misses you.
The water moccasin zombie barely misses you.
You completely miss the orc.
The orc is severely wounded.
You kill the orc!
Trog accepts your kill.
You closely miss the water moccasin zombie.
The water moccasin zombie is lightly damaged.
The water moccasin zombie misses you.
You closely miss the water moccasin zombie.
The water moccasin zombie is lightly damaged.
Prince Ribbit blinks!
The water moccasin zombie bites you but does no damage.
You hit the water moccasin zombie.
The water moccasin zombie is moderately damaged.
You closely miss the water moccasin zombie.
The water moccasin zombie is moderately damaged.
The water moccasin zombie misses you.
You puncture the water moccasin zombie!
The water moccasin zombie is moderately damaged.
The water moccasin zombie closely misses you.
You puncture the water moccasin zombie!
The water moccasin zombie is severely damaged.
You puncture the water moccasin zombie!
The water moccasin zombie is almost destroyed.
The water moccasin zombie bites you.
* * * LOW HITPOINT WARNING * * *
You barely miss the water moccasin zombie.
The water moccasin zombie is almost destroyed.
The water moccasin zombie barely misses you.
Prince Ribbit completely misses you.
You miss Prince Ribbit.
Prince Ribbit is heavily wounded.
You puncture Prince Ribbit!
Prince Ribbit is almost dead.
Prince Ribbit hits you!
* * * LOW HITPOINT WARNING * * *
The water moccasin zombie bites you.
You die...

#<#. #.# #.#.######
#.###.. #.# ......
##.##... #.###...##
.......#####...F@Z...
........!......##.###
##.......###...# .#
..................#
##(...............#
.........#.......#
>.#......###..
.........# .
##..#.#.##


You could see Prince Ribbit (very poisoned) and a water moccasin zombie.

Vanquished Creatures
  Sigmund (D:2)
  Menkaure (D:5)
  An ice beast (D:6)
  2 black bears
  An ogre (D:4)
  A necrophage (D:5)
  A scorpion (D:5)
  2 adders (D:3)
  A shadow imp (D:6)
  A worm (D:2)
  A dart slug (D:5)
  2 orcs
  6 ball pythons
  A bat (D:1)
  5 endoplasms
  A giant cockroach (D:3)
  3 goblins
  4 hobgoblins
  2 kobolds (D:3)
  3 quokkas
  3 frilled lizards
  2 rats (D:1)
45 creatures vanquished.

Notes
Turn   | Place    | Note
-------+----------+-------------------------------------------
     0 | D:1      | rel the Kobold Berserker began the quest for the Orb.
     0 | D:1      | Reached XP level 1. HP: 14/14 MP: 1/1
   193 | D:1      | Found a faded altar of an unknown god.
   337 | D:1      | Reached XP level 2. HP: 19/19 MP: 2/2
   506 | D:1      | You fall into a shaft and drop 1 floor!
   574 | D:2      | Reached skill level 1 in Stealth
   806 | D:2      | Reached XP level 3. HP: 24/24 MP: 3/3
   889 | D:2      | Found a runed translucent door.
   892 | D:2      | Noticed Crazy Yiuf
   951 | D:2      | Noticed Sigmund
   958 | D:2      | Killed Sigmund
   959 | D:2      | Reached skill level 5 in Short Blades
   959 | D:2      | Reached skill level 3 in Stealth
   959 | D:2      | Reached XP level 4. HP: 30/30 MP: 4/4
   959 | D:2      | Reached XP level 5. HP: 34/34 MP: 5/5
  1102 | D:3      | Reached skill level 4 in Stealth
  1102 | D:3      | Reached XP level 6. HP: 34/39 MP: 6/6
  1525 | D:3      | Reached ** piety under Trog
  1762 | D:4      | Found a hide-covered altar of Uskayaw.
  1765 | D:4      | Noticed a +0 hand axe
  1766 | D:4      | Noticed a +0 hand axe
  1957 | D:4      | Noticed an ogre
  1971 | D:4      | Killed an ogre
  2386 | D:4      | Found a staircase to the Ecumenical Temple.
  3336 | D:5      | Entered Level 5 of the Dungeon
  3348 | D:5      | Noticed a necrophage
  3351 | D:5      | Reached skill level 5 in Stealth
  3351 | D:5      | Reached XP level 7. HP: 44/44 MP: 7/7
  3480 | D:5      | Reached skill level 6 in Stealth
  3480 | D:5      | Noticed Menkaure
  3495 | D:5      | Killed Menkaure
  3496 | D:5      | Reached skill level 5 in Fighting
  3884 | D:6      | Reached XP level 8. HP: 33/49 MP: 8/8
  4028 | D:6      | Noticed Prince Ribbit
  4032 | D:6      | Reached skill level 7 in Stealth
  4056 | D:6      | HP: 1/73 [Prince Ribbit (15)]
  4056 | D:6      | Slain by a water moccasin zombie

Illustrated notes

Levels and vault maps discovered:
D:1:      psy_arrival_dodecagon, layout_basic,
          shapermc_ecumenical_altar_starsandcircs
D:2:      layout_loops_ring, uniq_natasha, uniq_sigmund, uniq_crazy_yiuf_cottage
D:3:      layout_basic
D:4:      layout_cave_pools, dancing_weapons_uskayaw, minmay_temple_entry_ruins,
          minmay_misc_feat_square, minivault_1
D:5:      layout_basic, corexii_hall_statues_l, uniq_eustachio,
          uniq_blork_the_orc, uniq_menkaure
D:6:      layout_loops_ring, pf_just_have_faith, gup_sewer_entry_bowl,
          serial_shops, nicolae_shop_behind_doors, uniq_prince_ribbit1

Skill      XL: |  1  2  3  4  5  6  7  8 |
---------------+-------------------------+-----
Stealth        | 1 3 4 5 6 7 |  7.2
Fighting       | 4 5 |  5.2
Short Blades   | 5 6 |  6.5
Dodging        | 3 4 |  4.7
Armour         | 2 |  2.7

Action                   |  1- 3 |  4- 6 |  7- 9 || total
-------------------------+-------+-------+-------++-------
Melee: Short sword       |    48 |    42 |    65 ||   155
Invok: Berserk           |     2 |     2 |     1 ||     5
  Use: Potion            |       |       |     5 ||     5
 Stab: Sleeping          |     6 |     7 |     2 ||    15
Armor: Animal skin       |     3 |       |       ||     3
       Ring mail         |     2 |     5 |    11 ||    18
Dodge: Dodged            |    38 |    30 |    40 ||   108

Table legend: (Time is in decaauts)
 A = Elapsed time spent in this place.
 B = Non-inter-level travel time spent in this place.
 C = Inter-level travel time spent in this place.
 D = Time resting spent in this place.
 E = Time spent auto-exploring this place.
 F = Levels seen in this place.
 G = Mean time per level.
                   A        B        C        D        E       F      G
               +--------+--------+--------+--------+--------+-----+--------+
         Total |   4066 |   4066 |      0 |   1372 |   1962 |   6 |  677.7 |
       Dungeon |   4066 |   4066 |      0 |   1372 |   1962 |   6 |  677.7 |
               +--------+--------+--------+--------+--------+-----+--------+

Top non-repeatable levels by time:
     D:4: 1593 daAuts
     D:3: 688 daAuts
     D:2: 578 daAuts
     D:5: 516 daAuts
     D:1: 503 daAuts
     D:6: 187 daAuts
